 Dungeon Crawl Stone Soup version 0.26-a0-415-g2a9615731a (webtiles) character file.

Game seed: 5511726458466617683

532685 MrRokkomies the Fencer (level 23, -1/200 HPs)
             Began as a Demigod Ice Elementalist on July 24, 2020.
             Slain by an eight-headed hydra zombie (8 damage)
             ... on level 3 of the Crypt on July 25, 2020.
             The game lasted 04:53:19 (68398 turns).

MrRokkomies the Fencer (Demigod Ice Elementalist)  Turns: 68398, Time: 04:53:19

Health: -1/200     AC: 23    Str: 19    XL:     23   Next: 85%
Magic:  35/35      EV: 20    Int: 25    God:
Gold:   4193       SH:  0    Dex: 22    Spells: 10/32 levels left

rFire    + + +     SeeInvis .   a - +7 scimitar of Deformation {vorpal, rF++ rC+ rN+ MR-}
rCold    + . .     Faith    .   (no shield)
rNeg     + + .     Spirit   .   P - +7 fire dragon scales
rPois    +         Reflect  .   H - +1 helmet "Zufigyap" {Dex+6}
rElec    .         Harm     .   D - +1 cloak {rPois}
rCorr    +                      p - +3 pair of gauntlets of War {Slay+5}
MR       +++..                  C - +0 pair of boots {run}
Stlth    +.........             q - amulet of regeneration
HPRegen  0.83/turn              O - ring of Avve {rN+ MR+ Slay+3}
MPRegen  0.24/turn              R - ring of Reczeul {rC+ MR+ rCorr}

@: corroded, hasted, studying Fighting, lightly drained, very quick
A: deformed body, high mp 1
}: 2/15 runes: barnacled, gossamer
a: no special abilities


You were on level 3 of the Crypt.
You visited 8 branches of the dungeon, and saw 41 of its levels.
You visited the Abyss 1 time.
You visited 1 bazaar.
You also visited: Trove, Bailey, Gauntlet, Ice Cave and Wizlab.

You collected 9762 gold pieces.
You spent 5569 gold pieces at shops.

Inventory:

Hand Weapons
 a - the +7 scimitar of Deformation (weapon) {vorpal, rF++ rC+ rN+ MR-}
   (You bought it in a shop on level 2 of the Orcish Mines)

   It inflicts extra damage upon your enemies.
   It greatly protects you from fire.
   It protects you from cold.
   It protects you from negative energy.
   It affects your resistance to hostile enchantments.
 b - the +1 arbalest of a wizard's laboratory {penet, rF++}
   (You bought it in a shop on level 2 of the Orcish Mines)

   Ammo fired by it will pass through the targets it hits, potentially hitting
   all targets in its path until it reaches maximum range.
   It greatly protects you from fire.
 i - a +6 triple sword of freezing
 r - a +3 great sword of flaming
 w - the +9 sword of Zonguldrok {reap}
   (You found it on level 3 of the Crypt)

   If a monster killed with it leaves a corpse in good enough shape, the corpse
   will be animated as a zombie friendly to the killer.
Missiles
 c - 1164 bolts
 n - 16 curare-tipped darts (quivered)
 z - a throwing net
Armour
 p - the +3 pair of gauntlets of War (worn) {Slay+5}
   (You bought it in a shop in a bazaar)

   It affects your accuracy and damage with ranged weapons and melee attacks
   (+5).
 C - a +0 pair of boots of running (worn)
 D - a +1 cloak of poison resistance (worn)
 H - the +1 helmet "Zufigyap" (worn) {Dex+6}
   (You acquired it on level 6 of the Dungeon)

   It affects your dexterity (+6).
 P - +7 fire dragon scales (worn)
Jewellery
 f - the ring "Yhumural" {+Blink SInv}
   (You found it in a treasure trove)

   [ring of see invisible]

   It lets you see invisible.
   It lets you blink.
 q - an amulet of regeneration (around neck)
 O - the ring of Avve (left hand) {rN+ MR+ Slay+3}
   (You found it on level 11 of the Dungeon)

   [ring of positive energy]

   It affects your accuracy and damage with ranged weapons and melee attacks
   (+3).
   It protects you from negative energy.
   It affects your resistance to hostile enchantments.
 R - the ring of Reczeul (right hand) {rC+ MR+ rCorr}
   (You took it off a deep elf demonologist on level 3 of the Elven Halls)

   [ring of resist corrosion]

   It protects you from cold.
   It affects your resistance to hostile enchantments.
   It provides partial protection from all sources of acid and corrosion.
Wands
 k - a wand of polymorph (9)
 A - a wand of iceblast (27)
 B - a wand of acid (28)
 E - a wand of digging (10)
 S - a wand of clouds (34)
Scrolls
 h - 30 scrolls of remove curse
 s - 3 scrolls of fear
 t - 8 scrolls of identify
 x - 2 scrolls of summoning
 K - 6 scrolls of magic mapping
 U - 13 scrolls of teleportation
 V - 7 scrolls of immolation
 Z - a scroll of fog
Potions
 d - 12 potions of stabbing
 e - 4 potions of might
 g - 2 potions of magic
 j - a potion of flight
 l - 14 potions of curing
 m - 5 potions of haste
 o - a potion of brilliance
 F - 2 potions of resistance
 G - 5 potions of ambrosia
 J - 5 potions of invisibility
 W - 4 potions of berserk rage
Books
 y - a manual of Fighting
Miscellaneous
 u - a phial of floods
 L - a tin of tremorstones (3/3)
 N - a lightning rod (4/4)
 T - a phantom mirror


   Skills:
 * Level 15.6(15.4) Fighting
 + Level 18.4(18.3) Long Blades
 + Level 16.2(16.0) Crossbows
 - Level 13.5(13.4) Armour
 - Level 12.5(12.4) Dodging
 - Level 1.7(1.6) Stealth
 - Level 5.0(4.8) Spellcasting
 - Level 9.0(8.8) Summonings
 * Level 14.4(14.2) Ice Magic
 - Level 6.2(6.1) Air Magic
 * Level 14.1(14.0) Evocations


You had 10 spell levels left.
You knew the following spells:

 Your Spells              Type           Power        Failure   Level
a - Ozocubu's Refrigerat  Ice            ######....   10%         6
b - Frozen Ramparts       Ice            ######       1%          3
c - Ozocubu's Armour      Ice            ######..     1%          3
d - Blink                 Tloc           N/A          34%         2
e - Summon Ice Beast      Ice/Summ       ######..     1%          4
f - Summon Lightning Spi  Summ/Air       #####...     11%         4

Your spell library contained the following spells:

 Spells                   Type           Power        Failure   Level
 Freeze                   Ice            ####         1%          1
 Summon Small Mammal      Summ           ####         1%          1
 Call Imp                 Summ           ######..     1%          2
 Ensorcelled Hibernation  Hex/Ice        #####.       1%          2
 Call Canine Familiar     Summ           ######..     1%          3
 Swiftness                Air            #####...     2%          2
 Shock                    Conj/Air       ###.         6%          1
 Corpse Rot               Necr/Air       N/A          10%         2
 Poisonous Vapours        Pois/Air       ###...       10%         2
 Summon Guardian Golem    Hex/Summ       ####....     11%         3
 Hailstorm                Conj/Ice       #####...     12%         4
 Ice Form                 Ice/Tmut       #####...     12%         4
 Static Discharge         Conj/Air       ###.....     19%         3
 Airstrike                Air            #####.....   19%         4
 Animate Skeleton         Necr           #.....       22%         1
 Apportation              Tloc           #.....       22%         1
 Beastly Appendage        Tmut           #.....       22%         1
 Corona                   Hex            #......      22%         1
 Foxfire                  Conj/Fire      #...         22%         1
 Magic Dart               Conj           #...         22%         1
 Pain                     Necr           #...         22%         1
 Sting                    Tmut/Pois      #...         22%         1
 Mephitic Cloud           Conj/Pois/Air  ###.....     28%         3
 Metabolic Englaciation   Hex/Ice        #####.....   32%         5
 Passwall                 Tmut/Erth      #.......     34%         2
 Searing Ray              Conj           #.....       34%         2
 Slow                     Hex            #.......     34%         2
 Wereblood                Tmut           #.......     34%         2
 Confusing Touch          Hex            #.......     56%         3
 Conjure Flame            Conj/Fire      #.......     56%         3
 Dazzling Flash           Conj/Hex       #.....       56%         3
 Gell's Gravitas          Tloc           #.........   56%         3
 Ignite Poison            Fire/Tmut/Pois #.......     56%         3
 Inner Flame              Hex/Fire       #.......     56%         3
 Lesser Beckoning         Tloc           #.........   56%         3
 Portal Projectile        Hex/Tloc       #.....       56%         3
 Spider Form              Tmut/Pois      #.........   56%         3
 Stone Arrow              Conj/Erth      #.....       56%         3
 Teleport Other           Tloc           #.......     56%         3
 Tukima's Dance           Hex            #.......     56%         3
 Vampiric Draining        Necr           #.........   56%         3
 Shadow Creatures         Summ           N/A          65%         6
 Summon Forest            Summ/Tloc      ####......   71%         5
 Lightning Bolt           Conj/Air       ###.......   87%         5
 Silence                  Hex/Air        ###.......   87%         5
 Simulacrum               Ice/Necr       #####.....   88%         6
 Freezing Cloud           Conj/Ice/Air   #####.....   91%         6
 Animate Dead             Necr           #.........   92%         4
 Cause Fear               Hex            #.........   92%         4
 Dispel Undead            Necr           #.......     92%         4
 Fulminant Prism          Conj/Hex       #.........   92%         4
 Iskenderun's Mystic Bla  Conj/Tloc      #.......     92%         4
 Leda's Liquefaction      Hex/Erth       #.........   92%         4
 Olgreb's Toxic Radiance  Pois           #.......     92%         4
 Passage of Golubria      Tloc           N/A          92%         4
 Petrify                  Tmut/Erth      #.......     92%         4
 Sticky Flame             Conj/Fire      #.......     92%         4
 Agony                    Necr           #.......     99%         5
 Alistair's Intoxication  Tmut/Pois      #........    99%         5
 Blade Hands              Tmut           #.........   99%         5
 Bolt of Magma            Conj/Fire/Erth #.........   99%         5
 Borgnjor's Vile Clutch   Necr/Erth      #.........   99%         5
 Fireball                 Conj/Fire      #.........   99%         5
 Iskenderun's Battlesphe  Conj           #.......     99%         5
 Lee's Rapid Deconstruct  Erth           #.........   99%         5
 Yara's Violent Unravell  Hex/Tmut       #.........   99%         5
 Summon Hydra             Summ           ######....   99%         7
 Conjure Ball Lightning   Conj/Air       ###.......   100%        6
 Death Channel            Necr           #.........   100%        6
 Dispersal                Tloc           #.........   100%        6
 Eringya's Noxious Bog    Tmut/Pois      #.........   100%        6
 Hydra Form               Tmut           #.........   100%        6
 Invisibility             Hex            #.......     100%        6
 Iron Shot                Conj/Erth      #.........   100%        6
 Dragon Form              Tmut           #.........   100%        7
 Malign Gateway           Summ/Tloc      ####......   100%        7
 Orb of Destruction       Conj           #.........   100%        7
 Spellforged Servitor     Conj/Summ      ####......   100%        7
 Disjunction              Tloc           #.........   100%        8
 Dragon's Call            Summ           ######....   100%        9
 Tornado                  Air            #####.....   100%        9


Dungeon Overview and Level Annotations

Branches:
Dungeon (15/15)            Temple (0/1) D:7            Lair (6/6) D:10
 Shoals (4/4) Lair:3       Spider (4/4) Lair:3        Slime (0/5) Lair:6
    Orc (2/2) D:10            Elf (3/3) Orc:2        Vaults (4/5) D:14
  Crypt (3/3) Vaults:2       Tomb (0/3) Crypt:3      Depths (0/5) D:15
 Bailey (visited)           IceCv (visited)          WizLab (visited)
Gauntlet (visited)

Shops:
D:10 *   Orc:2 ((:[*   Vaults:1 (   Vaults:2 *

Annotations:
D:12 1 runed translucent door, Nyac's ghost, journeyman MiMo
Shoals:1 exclusion: oklob plant


Innate Abilities, Weirdness & Mutations

You have an increased reservoir of magic. (+10% MP)
Armour fits poorly on your strangely shaped body.


Message History

The eight-headed hydra zombie misses you.
The eight-headed hydra zombie completely misses you.
The eight-headed hydra zombie bites you but does no damage. x2
The eight-headed hydra zombie misses you.
You hit the ancient lich.
The ancient lich is severely damaged.
The ancient lich gestures at you while chanting.
The crystal spear hits you!!!!
* * * LOW HITPOINT WARNING * * *
Okay, then.
Okay, then.
Unknown command.
Sorry, you're not good enough to have a special ability.
Okay, then.
You feel yourself speed up.
The ancient lich touches you but does no damage. x2
The eight-headed hydra zombie bites you but does no damage.
The eight-headed hydra zombie closely misses you.
The eight-headed hydra zombie bites you!
You die...

####################
#...................
#.........########..
#.........#.}|...#^. #+#
#....).##'##[)..##'# ....
#.L@...#..)##''##...
.....#.Z...####[#....#.##
.....'........###....###.
.....#.)........#....#...
.### #...###....##''##...
##....##.###⌠..⌠###.
##..))###........##
##....#.⌠..._..⌠.#
##...##........##


You could see an ancient lich (fast) and an eight-headed hydra zombie (dazed).

Vanquished Creatures
  Mennas (Vaults:4)
  Boris (Vaults:4)
  Saint Roka (Crypt:1)
  Frederick (Vaults:4)
  Bai Suzhen (Shoals:3)
  A bone dragon (Crypt:3)
  A Cloud Mage (WizLab)
  Jorgrun (D:13)
  2 liches
  An Ice Fiend (IceCv)
  2 deep elf master archers (Elf:3)
  2 deep elf blademasters (Elf:3)
  Kirke (Spider:2)
  2 ancient champions
  2 krakens
  Polyphemus (Shoals:4)
  Agnes (Spider:2)
  3 revenants
  Donald (Shoals:1)
  2 tengu reavers
  5 ghost moths
  3 fire giants
  2 orc warlords
  Aizul (Elf:1)
  7 emperor scorpions
  5 deep elf sorcerers
  7 vault wardens
  4 deep elf elementalists (Elf:3)
  5 stone giants
  2 curse skulls
  8 ghouls
  Louise (Spider:4)
  4 entropy weavers
  5 very ugly things (Vaults:4)
  10 ironheart preservers
  4 war gargoyles (Crypt:3)
  6 vampire knights
  8 deep elf demonologists (Elf:3)
  A minotaur (Gauntlet)
  Azrael (D:14)
  A spark wasp (Spider:4)
  5 deep elf annihilators (Elf:3)
  A merfolk javelineer (Shoals:4)
  3 blizzard demons (WizLab)
  3 ettins
  7 deep elf death magi
  2 eidola
  3 crystal guardians (Crypt:3)
  2 jiangshi (Crypt:1)
  Josephine (D:11)
  4 fire dragons
  10 merfolk impalers
  3 deep elf high priests (Elf:3)
  18 vault guards
  A great orb of eyes (Vaults:2)
  7 ice dragons
  A quicksilver dragon skeleton (Crypt:1)
  Fannar (D:10)
  5 rakshasas
  7 yaktaur captains
  7 hydras
  A merfolk avatar (Shoals:3)
  Erica (Lair:2)
  A ghost crab (WizLab)
  8 centaur warriors
  5 catoblepae
  5 satyrs
  A spriggan air mage (WizLab)
  29 two-headed ogres
  6 death yaks
  3 death knights
  5 merfolk aquamancers
  A two-headed ogre (shapeshifter) (Vaults:4)
  3 tengu warriors (D:15)
  3 vampire magi (Crypt:1)
  9 ogre magi
  4 shock serpents (WizLab)
  A queen ant (Lair:5)
  32 dancing weapons
  2 titan zombies
  5 orc high priests
  Nergalle (D:11)
  A shock serpent (shapeshifter) (Vaults:2)
  18 deep elf knights
  3 soul eaters
  6 hell knights (Crypt:3)
  A sixfirhy (Gauntlet)
  A small abomination (Elf:3)
  4 sea snakes
  3 death drakes (WizLab)
  6 deep trolls
  3 unseen horrors
  3 shadow wraiths
  32 skeletal warriors
  A storm dragon skeleton (Vaults:2)
  9 deep elf archers
  A glowing orange brain (Vaults:4)
  6 flayed ghosts
  7 wizards
  22 harpies
  22 orc knights
  An iron dragon zombie (Crypt:2)
  6 necromancers
  6 phantasmal warriors
  25 orb spiders
  33 wolf spiders
  An orb spider (shapeshifter) (Vaults:1)
  11 ironbrand convokers
  A shadow dragon zombie (Crypt:3)
  5 ugly things
  53 deep elf magi
  A shadow dragon skeleton (Crypt:3)
  8 manticores
  5 moths of wrath
  A tengu skeleton (Vaults:2)
  9 orc sorcerers
  13 fauns
  11 cyclopes
  A salamander (shapeshifter) (Vaults:2)
  Maurice (D:11)
  A stone giant skeleton (Vaults:2)
  3 black mambas
  A fire giant skeleton (Crypt:2)
  10 merfolk sirens
  3 frost giant skeletons
  4 water nymphs
  2 ice statues (IceCv)
  A guardian serpent (Elf:2)
  An iron dragon skeleton (Crypt:3)
  4 human skeletons (Vaults:2)
  10 vault sentinels
  5 apocalypse crabs (WizLab)
  A rime drake (Lair:3)
  3 gargoyles
  2 torpor snails
  9 komodo dragons
  29 cane toads
  22 yaktaurs
  4 anaconda simulacra (IceCv)
  3 tengu conjurers
  11 demonic crawlers
  3 efreet
  11 freezing wraiths
  12 ice devils (IceCv)
  A hydra zombie (Crypt:3)
  A catoblepas skeleton (Crypt:3)
  7 trolls
  4 polar bears (Lair:3)
  2 meliai (shapeshifter)
  A tengu simulacrum (Vaults:3)
  A troll (shapeshifter) (Vaults:2)
  4 meliai (D:13)
  3 tyrant leeches (Lair:6)
  56 jumping spiders
  23 merfolk
  An ice dragon zombie (Crypt:2)
  6 hornets
  15 hippogriffs
  24 dream sheep
  7 wind drakes
  12 snapping turtles
  A bog body (Crypt:2)
  2 human simulacra
  12 slime creatures
  2 blink frogs (shapeshifter)
  2 meliai zombies
  20 blink frogs (Lair:6)
  24 flying skulls
  A fire dragon zombie (Crypt:3)
  10 air elementals
  92 redbacks
  2 shadows
  16 wraiths
  14 water elementals
  4 fire bats (Lair:3)
  An alligator skeleton (Crypt:2)
  3 dire elephant simulacra (IceCv)
  A satyr skeleton (Crypt:1)
  31 tarantellas
  4 basilisks
  7 fire elementals
  38 yaks
  2 wind drake skeletons (Crypt:2)
  5 hogs
  7 humans (D:14)
  A hog (shapeshifter) (Vaults:4)
  10 vampire mosquitoes
  A basilisk (shapeshifter) (Vaults:1)
  8 wargs
  Edmund (D:4)
  An iron troll simulacrum (IceCv)
  A harpy simulacrum (IceCv)
  3 swamp worms
  3 acid dragons
  12 soldier ants (Lair:5)
  3 porcupines
  12 water moccasins
  2 deep troll skeletons (Vaults:2)
  A faun skeleton (Crypt:1)
  A hell hound (D:14)
  72 orc warriors
  4 ice beasts
  An infernal demonspawn skeleton (Crypt:1)
  8 black bears
  3 phantoms
  5 sky beasts
  A snapping turtle zombie (Crypt:3)
  2 ettin simulacra
  35 ogres
  5 necrophages
  14 centaurs
  12 wolves (Lair:6)
  8 boggarts
  An elephant skeleton (Crypt:1)
  16 crocodiles
  An orc skeleton (Vaults:2)
  3 big kobolds
  A komodo dragon zombie (Crypt:1)
  A gnoll sergeant (D:8)
  A wyvern zombie (D:10)
  23 bullfrogs
  3 earth elementals
  A wyvern skeleton (D:12)
  An elf simulacrum (Vaults:1)
  A queen bee zombie (Crypt:1)
  5 scorpions
  A yak zombie (Crypt:2)
  A troll skeleton (Crypt:1)
  3 killer bees (D:12)
  A howler monkey (D:13)
  A spriggan skeleton (Crypt:1)
  8 electric eels
  4 centaur zombies
  3 jellies
  A quasit (D:11)
  10 hounds
  36 orc priests
  A bullfrog zombie (D:5)
  A bullfrog skeleton (D:13)
  4 centaur skeletons
  3 iguanas
  40 orc wizards
  20 worker ants
  A naga zombie (Crypt:1)
  A demigod zombie (Crypt:2)
  A hound skeleton (D:5)
  2 worker ant zombies
  4 gnolls (D:8)
  13 adders
  A shadow imp (Gauntlet)
  A steam dragon skeleton (Crypt:2)
  5 white imps
  10 ufetubi
  An ooze (D:4)
  A halfling zombie (Crypt:2)
  A lava snake zombie (Crypt:2)
  2 adder zombies (D:5)
  3 worms
  A barachi zombie (Crypt:2)
  3 dart slugs
  5 leopard geckos
  136 orcs
  6 giant cockroaches
  13 goblins
  11 hobgoblins
  14 jackals
  5 quokkas
  4 bats
  2 frilled lizards
  A jackal zombie (D:5)
  18 kobolds
  A leopard gecko skeleton (D:5)
  2 quokka skeletons (D:5)
  2 quokka zombies
  8 rats
  2 crawling corpses (Elf:3)
  5 plants (Shoals:4)
  4 tentacles
2016 creatures vanquished.

Vanquished Creatures (collateral kills)
  A merfolk javelineer (Shoals:2)
  A merfolk impaler (Shoals:2)
  A sea snake (Shoals:1)
  An ugly thing (Vaults:4)
  2 orb spiders (Spider:4)
  An oklob plant (Gauntlet)
  A water nymph (Shoals:1)
  2 merfolk sirens (Shoals:1)
  2 soldier ants (Lair:5)
  4 orc warriors (Bailey)
  An orc (Crypt:1)
17 creatures vanquished.

Vanquished Creatures (others)
  A spark wasp (WizLab)
  A spriggan air mage (WizLab)
  A vault guard (D:14)
  A dancing weapon (Crypt:3)
  A death drake (WizLab)
  A faun (Shoals:3)
  A deep elf mage (Elf:3)
  A merfolk (Shoals:2)
  2 jumping spiders (Spider:4)
  A wind drake (WizLab)
  A tarantella (Spider:1)
  A redback (Spider:4)
  A water elemental (Shoals:4)
  A human (D:10)
  A worker ant (D:14)
  An orc (D:4)
  A jackal (D:4)
  18 fungi
  104 plants
  26 tentacles
166 creatures vanquished.

Grand Total: 2199 creatures vanquished

Notes
Turn   | Place    | Note
-------+----------+-------------------------------------------
     0 | D:1      | MrRokkomies the Demigod Ice Elementalist began the quest
                  | for the Orb.
     0 | D:1      | Reached XP level 1. HP: 14/14 MP: 5/5
   417 | D:1      | Reached XP level 2. HP: 22/22 MP: 5/7
   429 | D:1      | Reached skill level 1 in Fighting
  1080 | D:2      | Found a shimmering altar of Xom.
  1205 | D:2      | Reached XP level 3. HP: 28/28 MP: 4/8
  1253 | D:2      | Learned a level 3 spell: Frozen Ramparts
  1799 | D:2      | Found a hazy altar of Hepliaklqana.
  2052 | D:2      | Reached XP level 4. HP: 34/36 MP: 5/9
  2396 | D:3      | Noticed an ogre
  2402 | D:3      | Killed an ogre
  2402 | D:3      | Reached XP level 5. HP: 42/42 MP: 6/10
  3461 | D:4      | Noticed an ice beast
  3514 | D:4      | Noticed a phantom
  3851 | D:4      | Killed a phantom
  3851 | D:4      | Reached skill level 5 in Ice Magic
  4025 | D:4      | Reached XP level 6. HP: 51/51 MP: 7/11
  4141 | D:4      | Noticed Edmund
  4155 | D:4      | Killed Edmund
  4558 | D:4      | Reached XP level 7. HP: 60/60 MP: 9/12
  4563 | D:4      | Learned a level 3 spell: Ozocubu's Armour
  4566 | D:4      | Learned a level 2 spell: Blink
  4613 | D:4      | Found an iron altar of Okawaru.
  4840 | D:4      | Found an ancient bone altar of Kikubaaqudgha.
  4840 | D:4      | Found a stormy altar of Qazlal.
  5113 | D:5      | Entered Level 5 of the Dungeon
  5210 | D:5      | Reached skill level 5 in Fighting
  5290 | D:5      | Found an opulent altar of Gozag.
  5783 | D:6      | Reached XP level 8. HP: 65/69 MP: 9/13
  6122 | D:6      | Reached skill level 1 in Crossbows
  6306 | D:6      | Identified 2 scrolls of acquirement
  6306 | D:6      | Acquired the +1 helmet "Zufigyap" {Dex+6}
  6313 | D:6      | Acquired 840 gold pieces
  7275 | D:7      | Found a staircase to the Ecumenical Temple.
  7437 | D:8      | Reached skill level 5 in Dodging
  7466 | D:8      | Noticed a hippogriff
  7473 | D:8      | Killed a hippogriff
  7597 | D:8      | Reached XP level 9. HP: 63/78 MP: 10/14
  7696 | D:8      | Found a burning altar of Makhleb.
  7765 | D:8      | Noticed a two-headed ogre
  7781 | D:8      | Killed a two-headed ogre
  8142 | D:8      | You fall into a shaft and drop 3 floors!
  8224 | D:11     | Noticed a deep elf mage
  8241 | D:11     | Killed a deep elf mage
  8442 | D:11     | Found a shimmering blue altar of Sif Muna.
  8475 | D:11     | Got a bound amber ring
  8477 | D:11     | Identified the ring of Avve {rN+ MR+ Slay+3} (You found it
                  | on level 11 of the Dungeon)
  8621 | D:11     | Noticed Fannar
  8627 | D:10     | Entered Level 10 of the Dungeon
  8630 | D:10     | Reached XP level 10. HP: 79/88 MP: 11/15
  8677 | D:10     | Found Fosoor's Fabulous Fripperies.
  8683 | D:10     | Bought +0 fire dragon scales for 960 gold pieces
  8757 | D:10     | Reached skill level 1 in Armour
  8773 | D:10     | Noticed an orc knight
  8789 | D:10     | Killed an orc knight
  8864 | D:10     | Found a staircase to the Orcish Mines.
  8871 | D:10     | Found a roughly hewn altar of Beogh.
  8988 | D:10     | Got an ancient spear
  8989 | D:10     | Identified the cursed +1 spear of the Shore {vorpal, +Rage
                  | MR+} (You found it on level 10 of the Dungeon)
  9056 | D:10     | Found a staircase to the Lair.
  9661 | D:10     | Found an ancient bone altar of Kikubaaqudgha.
  9675 | D:10     | Learned a level 4 spell: Summon Ice Beast
 10439 | D:9      | Found a blossoming altar of Fedhas.
 10670 | D:8      | Reached skill level 5 in Crossbows
 11512 | D:11     | Noticed Maurice
 11512 | D:11     | Noticed Josephine
 11584 | Orc:1    | Entered Level 1 of the Orcish Mines
 11602 | D:10     | Reached XP level 11. HP: 64/97 MP: 14/21
 11776 | Orc:1    | Reached skill level 1 in Long Blades
 11808 | Orc:1    | Noticed an orc knight
 11821 | Orc:1    | Reached skill level 5 in Spellcasting
 11828 | Orc:1    | Killed an orc knight
 11828 | Orc:1    | Reached skill level 2 in Long Blades
 12317 | Orc:1    | Reached skill level 3 in Long Blades
 12610 | Orc:2    | Entered Level 2 of the Orcish Mines
 12611 | Orc:2    | Found Buataur's Antique Weapon Emporium.
 12673 | Orc:2    | Bought a runed arbalest for 157 gold pieces
 12673 | Orc:2    | Bought an iridescent arbalest for 199 gold pieces
 12697 | Orc:1    | Identified the cursed +1 arbalest of a wizard's laboratory
                  | {penet, rF++} (You bought it in a shop on level 2 of the
                  | Orcish Mines)
 12764 | Orc:2    | Found a staircase to the Elven Halls.
 12943 | Orc:2    | Noticed an orc knight
 12964 | Orc:2    | Killed an orc knight
 12964 | Orc:2    | Reached skill level 10 in Fighting
 13047 | Orc:2    | Reached skill level 4 in Long Blades
 13054 | Orc:2    | Noticed an orc knight
 13075 | Orc:2    | Killed an orc knight
 13438 | Orc:2    | Noticed an orc warlord
 13573 | Lair:1   | Entered Level 1 of the Lair of Beasts
 13921 | Lair:1   | Reached skill level 5 in Long Blades
 14531 | Lair:1   | Noticed a five-headed hydra
 14540 | Lair:1   | Killed a one-headed hydra
 14540 | Lair:1   | Reached skill level 5 in Armour
 15030 | Lair:2   | Reached skill level 6 in Long Blades
 15517 | Lair:2   | Noticed Erica
 15542 | Lair:2   | Killed Erica
 15542 | Lair:2   | Reached XP level 12. HP: 85/106 MP: 21/23
 15714 | Lair:2   | Noticed a seven-headed hydra
 15722 | Lair:2   | Killed a two-headed hydra
 16231 | Lair:2   | Reached skill level 7 in Long Blades
 16942 | Lair:3   | Reached skill level 8 in Long Blades
 16990 | Lair:3   | Noticed a seven-headed hydra
 17001 | Lair:3   | Killed a four-headed hydra
 17127 | Lair:3   | Found a hole to the Spider Nest.
 17165 | Lair:3   | You fall into a shaft and drop 3 floors!
 17165 | Lair:6   | Entered Level 6 of the Lair of Beasts
 17223 | Lair:6   | Reached skill level 1 in Summonings
 17302 | Lair:6   | Noticed a seven-headed hydra
 17312 | Lair:6   | Killed a three-headed hydra
 17312 | Lair:6   | Reached skill level 9 in Long Blades
 17457 | Lair:6   | Reached XP level 13. HP: 67/113 MP: 17/24
 18471 | Lair:5   | Reached skill level 5 in Summonings
 18479 | Lair:5   | Identified the Incunabulum of Warped Battle Magic
 18479 | Lair:5   | Noticed an entropy weaver
 18479 | Lair:5   | Noticed an entropy weaver
 18508 | Lair:5   | Killed an entropy weaver
 18509 | Lair:5   | Killed an entropy weaver
 18509 | Lair:5   | Reached skill level 10 in Long Blades
 18559 | Lair:5   | Acquired 650 gold pieces
 20230 | Lair:4   | Acquired a +0 vorpal triple sword
 21543 | Lair:3   | Found a staircase to the Shoals.
 22152 | Lair:6   | Found a staircase to the Slime Pits.
 22867 | Lair:6   | Reached XP level 14. HP: 121/121 MP: 21/25
 22873 | Lair:6   | Reached skill level 11 in Long Blades
 23552 | Lair:6   | Learned a level 4 spell: Summon Lightning Spire
 24620 | Orc:2    | Killed an orc warlord
 25336 | Orc:2    | Found Rawkut's Antique Armour Emporium.
 25337 | Orc:2    | Found Xiefacor's Antique Weapon Shoppe.
 25338 | Orc:2    | Found Asirhusa's General Store.
 25338 | Orc:2    | Found Declesio's Book Emporium.
 25352 | Orc:2    | Bought a runed cloak for 202 gold pieces
 25358 | Orc:2    | Bought a polished scimitar for 342 gold pieces
 25366 | Orc:2    | Identified the +7 scimitar of Deformation {vorpal, rF++ rC+
                  | rN+ MR-} (You bought it in a shop on level 2 of the Orcish
                  | Mines)
 25622 | D:10     | Bought a manual of Fighting for 1766 gold pieces
 25686 | D:10     | Killed Fannar
 25817 | D:11     | Killed Josephine
 25827 | D:10     | Reached skill level 10 in Crossbows
 25849 | D:11     | Killed Maurice
 26058 | D:11     | Noticed Nergalle
 26075 | D:11     | Killed Nergalle
 26476 | D:11     | Found a portal to a secret trove of treasure.
 26607 | D:11     | Reached skill level 1 in Evocations
 27285 | D:12     | Reached skill level 12 in Long Blades
 27495 | D:12     | Found a runed translucent door.
 27498 | D:12     | Found a shimmering altar of Xom.
 27498 | D:12     | Noticed Nyac's ghost (journeyman MiMo)
 27877 | D:13     | Found a roughly hewn altar of Beogh.
 27934 | D:13     | Found a flagged portal.
 27948 | Bailey   | Entered a bailey
 28412 | D:13     | Noticed Jorgrun
 28425 | D:13     | Killed Jorgrun
 28425 | D:13     | Reached XP level 15. HP: 69/128 MP: 23/26
 28804 | D:13     | Noticed a tengu reaver
 28816 | D:13     | Killed a tengu reaver
 29129 | D:13     | Found a snail-covered altar of Cheibriados.
 29615 | D:14     | Found a snail-covered altar of Cheibriados.
 29705 | D:14     | Reached skill level 5 in Evocations
 30041 | D:14     | Noticed Azrael
 30056 | D:14     | Killed Azrael
 30135 | D:14     | Reached skill level 13 in Long Blades
 30205 | D:14     | Found a gate to the Vaults.
 30600 | D:14     | Found an opulent altar of Gozag.
 30717 | D:15     | Entered Level 15 of the Dungeon
 30735 | D:15     | Found a gate leading to a gauntlet.
 30744 | Gauntlet | Entered a Gauntlet
 30744 | Gauntlet | Found a transporter.
 30744 | Gauntlet | Found a transporter.
 30744 | Gauntlet | Found a transporter.
 30748 | Gauntlet | Found a transporter.
 30758 | Gauntlet | Found a transporter.
 30824 | Gauntlet | Found a transporter.
 30836 | Gauntlet | Found a transporter.
 30850 | Gauntlet | Found a transporter.
 30860 | Gauntlet | Found a transporter.
 30875 | Gauntlet | Found a transporter.
 30881 | Gauntlet | Found a transporter.
 30906 | Gauntlet | Found a transporter.
 31058 | Gauntlet | Got a polished helmet
 31117 | Gauntlet | Identified the cursed -1 helmet "Bumpi" {Harm rF- Dex+4
                  | SInv} (You found it in a Gauntlet)
 31935 | D:15     | Found a stormy altar of Qazlal.
 32137 | D:15     | Found a staircase to the Depths.
 32712 | Spider:1 | Entered Level 1 of the Spider Nest
 34676 | Spider:2 | Reached XP level 16. HP: 140/140 MP: 27/27
 34933 | Spider:2 | Identified the Catalogue of Intoxication
 35137 | Spider:2 | Noticed Kirke
 35148 | Spider:2 | Killed Kirke
 35148 | Spider:2 | Reached skill level 14 in Long Blades
 35405 | Spider:2 | Noticed Agnes
 35420 | Spider:2 | Killed Agnes
 37197 | Spider:4 | Entered Level 4 of the Spider Nest
 37198 | Spider:4 | Upgraded the game from 0.26-a0-412-ga3d1f51b80 to
                  | 0.26-a0-415-g2a9615731a
 37200 | Spider:4 | Noticed Louise
 38378 | Spider:4 | Killed Louise
 38394 | Spider:4 | Reached skill level 10 in Evocations
 39258 | Spider:4 | Reached XP level 17. HP: 136/151 MP: 28/28
 39300 | Spider:4 | Reached skill level 15 in Long Blades
 39736 | Spider:4 | Got a gossamer rune of Zot
 40300 | Shoals:1 | Entered Level 1 of the Shoals
 40405 | Shoals:1 | You fall into a shaft and drop 1 floor!
 40415 | Shoals:2 | Found a frozen archway.
 40424 | IceCv    | Entered an ice cave
 40721 | IceCv    | Noticed an Ice Fiend
 40737 | IceCv    | Killed an Ice Fiend
 40968 | IceCv    | Identified the +1 leather armour "Keegimad" {rPois MR+
                  | Str+5 Stlth-} (You found it in an ice cave)
 41370 | Shoals:2 | Acquired 800 gold pieces
 41372 | Shoals:2 | Acquired the Grimoire of Frigorific Dark Rituals
 41374 | Shoals:2 | Acquired a manual of Armour
 42072 | Shoals:2 | Identified the +5 great mace of the Demagogue {elec, +Blink
                  | MR++ Dex+4}
 43660 | Shoals:1 | Noticed Donald
 43675 | Shoals:1 | Killed Donald
 43681 | Shoals:1 | Reached skill level 15 in Fighting
 45272 | Shoals:4 | Entered Level 4 of the Shoals
 45272 | Shoals:4 | Noticed Bai Suzhen
 45302 | Shoals:3 | Killed Bai Suzhen
 45490 | Shoals:4 | Found Ryej's Distillery.
 45525 | Shoals:4 | Bought a potion of haste for 140 gold pieces
 45525 | Shoals:4 | Bought a potion of heal wounds for 70 gold pieces
 45608 | Shoals:4 | Reached XP level 18. HP: 151/163 MP: 30/30
 46575 | Shoals:4 | Reached skill level 10 in Dodging
 46607 | Shoals:4 | Noticed Polyphemus
 46623 | Shoals:4 | Killed Polyphemus
 47033 | Shoals:4 | Got a barnacled rune of Zot
 47883 | D:10     | Bought a scroll of fear for 56 gold pieces
 47883 | D:10     | Bought a Fen Folio for 1200 gold pieces
 48163 | Vaults:1 | Entered Level 1 of the Vaults
 48217 | Vaults:1 | Found a magical portal.
 48224 | WizLab   | Entered The Chambers of the Cloud Mage
 48696 | WizLab   | Reached skill level 16 in Long Blades
 49214 | WizLab   | Noticed Waiwk
 49237 | WizLab   | Killed Waiwk the Cloud Mage
 49237 | WizLab   | Reached skill level 10 in Armour
 49287 | WizLab   | Identified the Handbook of Air
 49292 | WizLab   | Identified the +5 scale mail of Ofreasuc {MR+ Int+3} (You
                  | found it in a wizard's laboratory)
 49302 | WizLab   | Got a steaming lead ring
 49303 | WizLab   | Identified the ring of Cickuex {MR+ EV+4 Dex+5} (You found
                  | it in a wizard's laboratory)
 50229 | Vaults:1 | Found Rinuew's Weapon Shop.
 51164 | Vaults:1 | Reached XP level 19. HP: 150/170 MP: 29/31
 51439 | Vaults:1 | Learned a level 6 spell: Ozocubu's Refrigeration
 52092 | Vaults:2 | Found Dompes's General Store.
 52337 | Vaults:2 | Found a staircase to the Crypt.
 53532 | Vaults:3 | Reached skill level 1 in Air Magic
 54585 | Vaults:3 | Reached skill level 10 in Ice Magic
 55341 | Vaults:4 | Reached XP level 20. HP: 162/179 MP: 27/32
 55430 | Vaults:4 | Reached skill level 5 in Air Magic
 55524 | Vaults:4 | Noticed Mennas
 55532 | Vaults:4 | Noticed Frederick
 55538 | Vaults:4 | Killed Mennas
 55856 | Vaults:4 | Noticed Boris
 55890 | Vaults:4 | Killed Boris
 56330 | D:11     | You paid a toll of 5 scrolls of fear to enter a treasure
                  | trove
 56331 | Trove    | Entered a treasure trove
 56349 | Trove    | Got a transparent granite ring
 56353 | Trove    | Got a slimy jade ring
 56378 | Trove    | Identified Okyits's Almanac of the Toxic Voyage
 56419 | Trove    | Reached skill level 17 in Long Blades
 56419 | Trove    | Reached XP level 21. HP: 185/185 MP: 33/33
 56420 | Trove    | Reached XP level 22. HP: 193/193 MP: 34/34
 56430 | D:11     | Identified the ring "Yhumural" {+Blink SInv} (You found it
                  | in a treasure trove)
 56431 | D:11     | Identified the ring of the Trout {*Tele MR+ Str+6 Dex+4}
                  | (You found it in a treasure trove)
 57170 | Vaults:4 | Found a gateway to a bazaar.
 57202 | Vaults:4 | Killed Frederick
 57856 | Vaults:4 | Reached skill level 15 in Crossbows
 58106 | Bazaar   | Entered a bazaar
 58108 | Bazaar   | Found Qovauc's Magic Scroll Boutique.
 58112 | Bazaar   | Bought a scroll of enchant weapon for 97 gold pieces
 58113 | Bazaar   | Found Muyneosa's Distillery.
 58113 | Bazaar   | Found Yteyreim's Armour Boutique.
 58114 | Bazaar   | Found Omad Ivupi's Armour Boutique.
 58129 | Bazaar   | Bought the +3 pair of gauntlets of War {Slay+5} for 380
                  | gold pieces
 58129 | Bazaar   | Found the +3 pair of gauntlets of War {Slay+5}
 58483 | Elf:1    | Entered Level 1 of the Elven Halls
 58755 | Elf:1    | Noticed Aizul
 58774 | Elf:1    | Killed Aizul
 59410 | Elf:2    | Got a wavering steel ring
 59411 | Elf:2    | Identified the ring "Finig" {*Contam +Blink EV+4 Int+4}
                  | (You found it on level 2 of the Elven Halls)
 59758 | Elf:2    | Gained mutation: Armour fits poorly on your strangely
                  | shaped body. [a neqoxec]
 59952 | Elf:2    | Found a huge runed translucent gate.
 59952 | Elf:2    | Found a huge runed translucent gate.
 59952 | Elf:2    | Found a huge runed translucent gate.
 59952 | Elf:2    | Found a huge runed translucent gate.
 59952 | Elf:2    | Found a huge runed translucent gate.
 60515 | Elf:2    | Cast into level 2 of the Abyss (red devil)
 60521 | Elf:2    | Escaped the Abyss
 60839 | Elf:3    | Entered Level 3 of the Elven Halls
 60853 | Elf:3    | Identified a +0 pair of boots of running (You found it on
                  | level 3 of the Elven Halls)
 60883 | Elf:3    | Found a roughly hewn altar of Beogh.
 62172 | Elf:3    | Identified the +7 halberd of the Reaper {vorpal, rPois
                  | Dex+3}
 62176 | Elf:3    | Identified the +3 leather armour of Oblivion {rPois}
 62178 | Elf:3    | Reached XP level 23. HP: 196/200 MP: 35/35
 62222 | Elf:3    | Acquired the amulet "Dosteefi" {Spirit rC+ Dex+4}
 62254 | Elf:3    | Identified the +12 great mace of Magnificence {venom, MR+
                  | Int+3 Dex+6}
 62254 | Elf:3    | Identified the ring of Reczeul {rC+ MR+ rCorr}
 62561 | Elf:3    | Identified the +6 broad axe "Conservator" {speed, *Corrode
                  | rF+ rN+ Stlth+}
 62571 | Elf:3    | Identified the +5 quarterstaff of Piuc {vamp, +Blink rC-
                  | Str+6}
 62683 | Elf:3    | Identified the cursed +1 great mace "Pateem" {vorpal, rN+
                  | Str+3 Dex+3}
 62692 | Elf:3    | Reached skill level 18 in Long Blades
 62913 | Elf:3    | Identified the cursed +0 cloak of the Tuna {rC+} (You found
                  | it on level 3 of the Elven Halls)
 62964 | Elf:3    | Identified the +2 great sword of Paishaux {flame, rN+
                  | Str+3} (You found it on level 3 of the Elven Halls)
 62976 | Elf:3    | Identified the Handbook of Creative Poisoning
 63593 | Crypt:1  | Entered Level 1 of the Crypt
 64071 | Crypt:1  | HP: 6/200 [flayed ghost[a curse skull] (14)]
 64074 | Crypt:1  | Noticed Saint Roka
 64483 | Crypt:1  | Killed Saint Roka
 66068 | Crypt:2  | Identified the +9 quarterstaff of the Unspeakable One
                  | {venom, +Fly rPois rF- SInv}
 66924 | Crypt:3  | Entered Level 3 of the Crypt
 67298 | Crypt:3  | Found a staircase to the Tomb.
 67880 | Crypt:3  | Found the +9 sword of Zonguldrok {reap}
 68219 | Crypt:3  | Found an ancient bone altar of Kikubaaqudgha.
 68234 | Crypt:3  | Identified the Grimoire of the Supportive Traveller
 68373 | Crypt:3  | Noticed an ancient lich
 68396 | Crypt:3  | HP: 6/200 [ancient lich/crystal spear (84)]
 68398 | Crypt:3  | Slain by an eight-headed hydra zombie

Illustrated notes

Levels and vault maps discovered:
D:1:      dpeg_arrival_connections, layout_rooms, kennysheep_nondescript
D:2:      layout_basic, overflow_temple_1_default,
          nicolae_overflow_crystal_walls
D:3:      minmay_inner_zag, layout_basic
D:4:      layout_loops_ring, gammafunk_temple_overflow_wave, eino_curves_02,
          kennysheep_okawaru_gauntlet, uniq_edmund
D:5:      layout_rooms, serial_undead, serial_undead_e, serial_undead_f,
          serial_undead_b, serial_undead_b, serial_undead_c, serial_undead_d,
          basic_altar
D:6:      layout_cave_pools
D:7:      layout_basic, minmay_temple_entry_fiery, hex_large
D:8:      layout_basic, basic_altar, grunt_potential
D:9:      layout_basic, kennysheep_mini, worms_lemuel
D:10:     layout_roguey, erik_lair_orcish_takeover, david_orc_5,
          nicolae_alphabet_shops, tgw_kikubaaqudgha
D:11:     dragon1_lemuel, layout_cave_pools, trove_entry_hex_spiral,
          dk_noncrumbling_3, lemuel_blue_sif_altar, uniq_nergalle, uniq_maurice,
          uniq_fannar, uniq_josephine
D:12:     layout_small_grid, ebering_ghost_xom, minmay_misc_feat_hallway
D:13:     evilmike_horseshoe, layout_basic, enter_bailey_2, special_room
          [special_room_orc], lemuel_altar_in_water, uniq_jorgrun
D:14:     layout_irregular_city, ximxim_vaults_locker_room, cheibriados_altar_1,
          nicolae_gozag_cash_rules_everything_around_me, uniq_azrael
D:15:     grunt_enter_depths_hoard, layout_irregular_city, basic_altar,
          gauntlet_entry_generic, st_stairs_6
Lair:1:   layout_cave_shapes, serial_bayou_shore_b, serial_bayou_shore_a
Lair:2:   layout_cellular_growth, infiniplex_staircase_pool, uniq_erica
Lair:3:   beast_lair_carwin_large_3, layout_gridlike, minmay_shoals_entry_hut,
          spider_nest_entry_a, lemuel_fruit_tree
Lair:4:   nzn_motion_control, layout_cave_pods
Lair:5:   layout_cave_pods, st_stairs_11, minmay_another_anthill
Lair:6:   minmay_lair_end_frog_pond, layout_regular_city, slime_dummy,
          lemuel_fruit_fields
Shoals:1: layout_shoals, nicolae_shoals_this_corrosion, uniq_donald
Shoals:2: layout_shoals, portal_ice_cave_entry_pillars_1,
          nicolae_shoals_kraken_intersection
Shoals:3: layout_shoals
Shoals:4: shoals_end_grunt_garden, layout_shoals, serial_shops, shop_fountains,
          uniq_polyphemus, uniq_bai_suzhen
Spider:1: layout_chambers, nicolae_spider_webs_and_nodes
Spider:2: layout_spider_delve, hangedman_spider_tarantella_strand, uniq_agnes,
          uniq_kirke
Spider:3: layout_spider_delve
Spider:4: grunt_spider_rune_circles, hangedman_spider_mandibles,
          nicolae_spider_cling_ruins, uniq_louise
Orc:1:    layout_diamond_mine
Orc:2:    st_orc_congregation, layout_diamond_mine, serial_shops, shop
Elf:1:    layout_gridlike, hangedman_elf_disciples, uniq_aizul
Elf:2:    layout_geoelf_diagonals, fake_guardian_serpent_vault
Elf:3:    elf_hall, layout_loops_corners, special_room [special_room_orc]
Vaults:1: ontoclasm_vaults_gateway, v_rooms_3, vaults_room_large_hall,
          nicolae_vaults_network_square, dpeg_vaults_monster_box,
          grunt_vaults_hallway_long, v_misc_13,
          vaults_room_grunt_arrival_checkpoint,
          vaults_room_grunt_arrival_ludios, v_misc_29, vaults_dpeg_diagonal,
          serial_ice_g, nicolae_vaults_ring_of_whatevers, layout_vaults_ring,
          serial_shops, nicolae_shop_behind_doors, mu_enter_wizlab_1
Vaults:2: st_squares, minmay_crypt_entry_skeletal_spiral, v_misc_4, v_pattern_2,
          nicolae_vaults_network_barrier, grunt_vaults_hallway_short, v_misc_10,
          vaults_room_semicircle, v_misc_30, vaults_room_mumra_shop_pool,
          vaults_room_stairs_pillars, vaults_room_hallway,
          vaults_room_stairs_pillars, nicolae_vaults_yaktaur_gun_rack,
          layout_vaults_big_cross
Vaults:3: hangedman_vaults_nails, nicolae_vaults_alarming,
          vaults_standard_mumra_x, hangedman_vaults_unwind, vaults_dpeg_hooks,
          v_pattern_5, nicolae_vaults_theta, v_misc_25, st_lines, v_misc_18,
          layout_vaults_maze_snakey
Vaults:4: vaults_room_stairs_pillars, v_misc_19, nicolae_vaults_big_ls,
          vaults_mumra_chevron, vaults_mumra_minichess,
          ontoclasm_vaults_misaligned, nicolae_vaults_theta,
          hangedman_vaults_restitches, v_misc_10, vaults_room_hallway,
          layout_vaults_quadrants, serial_shops, statue_bzr, uniq_mennas,
          uniq_boris, uniq_frederick
Crypt:1:  layout_catacombs, st_stairs_9, minmay_misc_feat_five, uniq_saint_roka
Crypt:2:  layout_misc_corridors, grunt_megastairs_1
Crypt:3:  cryptofortress_bobbens

Skill      XL: |  1  2  3  4  5  6  7  8  9 10 11 12 13 14 15 16 17 18 19 20 21 22 23 |
---------------+----------------------------------------------------------------------+-----
Dodging        | 2 3 4 5 6 7 9 11 12 | 12.5
Fighting       | 1 2 3 4 5 6 8 9 10 12 13 15 | 15.6
Ice Magic      | 4 5 6 7 9 10 12 14 | 14.4
Crossbows      | 2 3 5 7 8 9 10 11 12 13 14 15 16 | 16.2
Spellcasting   | 4 5 |  5.0
Armour         | 3 5 7 8 12 13 | 13.5
Long Blades    | 6 9 10 12 13 14 15 16 17 18 | 18.4
Summonings     | 3 7 9 |  9.0
Evocations     | 3 7 10 12 14 | 14.1
Air Magic      | 4 5 6 |  6.2
Stealth        | |  1.7

Action                   |  1- 3 |  4- 6 |  7- 9 | 10-12 | 13-15 | 16-18 | 19-21 | 22-24 || total
-------------------------+-------+-------+-------+-------+-------+-------+-------+-------++-------
Melee: Short sword       |    87 |   107 |       |       |       |       |       |       ||   194
       Flail             |       |    35 |   261 |   138 |       |       |       |       ||   434
       Scimitar          |       |       |       |   398 |  1192 |  1506 |   790 |  1338 ||  5224
       Great sword       |       |       |       |    65 |    72 |       |       |       ||   137
       Long sword        |       |       |       |     6 |       |       |       |       ||     6
       Triple sword      |       |       |       |       |   129 |       |    28 |    65 ||   222
 Fire: Hand crossbow     |       |       |       |    15 |       |       |       |       ||    15
       Arbalest          |       |       |       |    35 |   207 |   473 |    32 |   156 ||   903
Throw: Dart              |       |     3 |     1 |     4 |     5 |     2 |       |       ||    15
       Boomerang         |       |    12 |     8 |     2 |       |       |       |       ||    22
       Throwing net      |       |       |       |       |       |       |       |     2 ||     2
 Cast: Freeze            |    34 |    13 |       |       |       |       |       |       ||    47
       Frozen Ramparts   |     2 |    20 |    21 |    42 |    54 |    44 |     6 |     6 ||   195
       Ozocubu's Armour  |       |       |     2 |    18 |    17 |    10 |     3 |     6 ||    56
       Summon Ice Beast  |       |       |       |       |     8 |     4 |       |       ||    12
       Blink             |       |       |       |       |     1 |       |       |       ||     1
       Summon Lightning  |       |       |       |       |       |       |     2 |       ||     2
Evoke: Wand              |       |       |       |       |     2 |     8 |     4 |     5 ||    19
       Phial of floods   |       |       |       |       |       |       |       |     2 ||     2
       Lightning rod     |       |       |       |       |       |       |       |     3 ||     3
       Tin of tremorston |       |       |       |       |       |       |       |     3 ||     3
       Phantom mirror    |       |       |       |       |       |       |       |     1 ||     1
  Use: Scroll            |     3 |     8 |    12 |    10 |    28 |    23 |     5 |    18 ||   107
       Potion            |       |     1 |     1 |     1 |     6 |    18 |     3 |     3 ||    33
 Stab: Sleeping          |     4 |     9 |     6 |       |       |       |     1 |       ||    20
       Distracted        |       |       |     1 |       |     1 |       |       |       ||     2
       Petrified         |       |       |       |       |     3 |       |       |       ||     3
       Confused          |       |       |       |       |     2 |       |       |       ||     2
       Petrifying        |       |       |       |       |     2 |       |       |       ||     2
       Held in net/web   |       |       |       |       |       |       |       |     2 ||     2
Armor: Robe              |    24 |    31 |    76 |       |       |       |       |       ||   131
       Leather armour    |       |       |    54 |       |       |       |       |       ||    54
       Fire dragon scale |       |       |       |   362 |   758 |  1179 |   276 |   525 ||  3100
Dodge: Dodged            |    82 |    99 |   306 |   551 |   972 |  1503 |   600 |  1002 ||  5115
       Rpst.: Scimitar   |       |       |       |    97 |   180 |   274 |   117 |   199 ||   867
       Great sword       |       |       |       |    15 |    14 |       |       |       ||    29
       Long sword        |       |       |       |     1 |       |       |       |       ||     1
       Triple sword      |       |       |       |       |    30 |       |     1 |    24 ||    55

Table legend: (Time is in decaauts)
 A = Elapsed time spent in this place.
 B = Non-inter-level travel time spent in this place.
 C = Inter-level travel time spent in this place.
 D = Time resting spent in this place.
 E = Time spent auto-exploring this place.
 F = Levels seen in this place.
 G = Mean time per level.
                   A        B        C        D        E       F      G
               +--------+--------+--------+--------+--------+-----+--------+
         Total |  67601 |  63290 |   4311 |  14625 |  33422 |  48 | 1408.4 |
       Dungeon |  19077 |  16788 |   2289 |   2759 |  10017 |  15 | 1271.8 |
          Lair |  10866 |  10387 |    479 |   2507 |   6101 |   6 | 1811.0 |
        Shoals |   6498 |   6260 |    238 |   1886 |   2997 |   4 | 1624.5 |
   Spider Nest |   7365 |   7108 |    257 |   1654 |   3950 |   4 | 1841.2 |
  Orcish Mines |   3342 |   3112 |    230 |    696 |   1470 |   2 | 1671.0 |
   Elven Halls |   4537 |   4369 |    168 |    825 |   2439 |   3 | 1512.3 |
        Vaults |   8384 |   7777 |    607 |   1601 |   4260 |   4 | 2096.0 |
         Crypt |   4153 |   4114 |     39 |   1353 |   1404 |   3 | 1384.3 |
         Abyss |      5 |      5 |      0 |      0 |      0 |   1 |    5.0 |
        Bazaar |     45 |     45 |      0 |      0 |     27 |   1 |   45.0 |
         Trove |     95 |     95 |      0 |      0 |     77 |   1 |   95.0 |
        Bailey |    300 |    300 |      0 |     59 |    111 |   1 |  300.0 |
      Ice Cave |    893 |    893 |      0 |    349 |    300 |   1 |  893.0 |
        Wizlab |   1228 |   1228 |      0 |    592 |     87 |   1 | 1228.0 |
      Gauntlet |    807 |    807 |      0 |    341 |    179 |   1 |  807.0 |
               +--------+--------+--------+--------+--------+-----+--------+

Top non-repeatable levels by time:
  Lair:6: 2768 daAuts
Vaults:4: 2462 daAuts
Vaults:2: 2326 daAuts
   Orc:2: 2185 daAuts
Spider:3: 2131 daAuts
   Elf:3: 2101 daAuts
Vaults:1: 2098 daAuts
Spider:4: 2093 daAuts
Spider:1: 2069 daAuts
    D:11: 2005 daAuts
    D:10: 1936 daAuts
Shoals:2: 1855 daAuts
  Lair:4: 1847 daAuts
  Lair:5: 1701 daAuts
Shoals:4: 1671 daAuts
